 Dungeon Crawl Stone Soup version 0.21.0-25-ge575cb9 (webtiles) character file.

95278 Gorglomux the Archmage (level 15, -12/82 HPs)
             Began as a Deep Elf Necromancer on Jan 25, 2018.
             Was the Champion of Kikubaaqudgha.
             Killed from afar by a shock serpent (17 damage)
             ... with a bolt of electricity
             ... on level 2 of the Snake Pit.
             The game lasted 01:02:13 (25095 turns).

Gorglomux the Archmage (Deep Elf Necromancer)      Turns: 25095, Time: 01:02:14

Health: -12/82     AC: 12    Str:  5    XL:     15   Next: 65%
Magic:  52/57      EV: 13    Int: 30    God:    Kikubaaqudgha [******]
Gold:   218        SH:  6    Dex: 15    Spells: 16/68 levels left

rFire    . . .     SeeInvis .   J - +4 war axe of Action {elec, rC++}
rCold    + + .     Gourm    .   G - +1 buckler
rNeg     + . .     Faith    .   i - +2 robe {rN+}
rPois    .         Spirit   .   r - +1 helmet
rElec    .         Reflect  .   X - +2 cloak
rCorr    .         Harm     .   k - +2 pair of gloves
MR       +++..                  (no boots)
Stlth    ++........             O - amulet of magic regeneration
HPRegen  0.23/turn              x - ring of magical power
MPRegen  0.60/turn              n - ring of the Mage {Wiz MR++ Int+3}

@: about to teleport
A: no striking features
a: Receive Corpses, Torment, Renounce Religion


You were on level 2 of the Snake Pit.
You worshipped Kikubaaqudgha.
Kikubaaqudgha was exalted by your worship.
You were very hungry.

You visited 5 branches of the dungeon, and saw 23 of its levels.

You collected 1978 gold pieces.
You spent 1760 gold pieces at shops.

Inventory:

Hand Weapons
 J - the +4 war axe of Action (weapon) {elec, rC++}
   (You took it off a crimson imp on level 7 of the Dungeon)

   Occasionally, upon striking a foe, it will discharge some electrical energy
   and cause terrible harm.
   It greatly protects you from cold.
Missiles
 Z - 2 throwing nets (quivered)
Armour
 i - a +2 robe of positive energy (worn)
 k - a +2 pair of gloves (worn)
 r - a +1 helmet (worn)
 G - a +1 buckler (worn)
 X - a +2 cloak (worn)
Magical Staves
 e - an uncursed staff of energy
Jewellery
 c - an uncursed ring of protection from cold
 n - the ring of the Mage (right hand) {Wiz MR++ Int+3}
   (You bought it in a shop on level 1 of the Snake Pit)

   [ring of wizardry]

   It improves your spell success rate.
   It affects your intelligence (+3).
   It affects your resistance to hostile enchantments.
 x - a ring of magical power (left hand)
 B - an uncursed ring of magical power
 L - a +4 ring of intelligence
 O - an amulet of magic regeneration (around neck)
Wands
 A - a wand of acid (7)
 D - a wand of digging (31)
 I - a wand of iceblast (8)
 P - a wand of paralysis (41)
 S - a wand of scattershot (10)
Scrolls
 b - a scroll of fog
 g - 2 scrolls of fear
 o - 2 scrolls of holy word
 q - 5 scrolls of amnesia
 v - 3 scrolls of silence
 w - 10 scrolls of remove curse
 y - a scroll of blinking {unknown}
 M - a scroll of magic mapping
 R - 2 scrolls of identify
 T - 12 scrolls of teleportation
 W - 5 scrolls of immolation
Potions
 f - a potion of lignification
 j - a potion of agility {unknown}
 l - a potion of invisibility
 p - 2 potions of resistance {unknown}
 u - 4 potions of heal wounds
 z - 3 potions of haste
 C - 2 potions of ambrosia
 E - 3 potions of might
 F - 2 potions of cancellation
 H - 2 potions of flight
 K - 2 potions of brilliance {unknown}
 Q - 4 potions of curing
 U - 2 potions of magic
 V - 3 potions of mutation {!q}
Books
 h - a Necronomicon {god gift}

   Spells                             Type                      Level
   a - Haunt                          Necromancy/Summoning         7
   b - Borgnjor's Revivification      Necromancy                   8
   c - Death's Door                   Charms/Necromancy            8
   d - Infestation                    Necromancy                   8
   e - Necromutation                  Transmutation/Necromancy     8
 s - Kikubaaqudgha's Grimoire of Darkness {god gift}
   (Kikubaaqudgha gifted it to you on level 7 of the Dungeon)

   Spells                             Type                      Level
   a - Animate Skeleton               Necromancy                   1
   b - Pain                           Necromancy                   1
   c - Sublimation of Blood           Necromancy                   2
   d - Vampiric Draining              Necromancy                   3
 t - a book of the Tempests

   Spells                             Type                      Level
   a - Static Discharge               Conjuration/Air              3
   b - Lightning Bolt                 Conjuration/Air              5
   c - Ignition                       Fire                         8
   d - Tornado                        Air                          9
   e - Shatter                        Earth                        9
 N - Kikubaaqudgha's Disquisition on Necromancy {god gift}
   (Kikubaaqudgha gifted it to you on level 9 of the Dungeon)

   Spells                             Type                      Level
   a - Animate Dead                   Necromancy                   4
   b - Bolt of Draining               Conjuration/Necromancy       5
   c - Borgnjor's Vile Clutch         Necromancy/Earth             5
   d - Dispel Undead                  Necromancy                   5
   e - Simulacrum                     Ice/Necromancy               6
Miscellaneous
 Y - a lamp of fire
Comestibles
 d - 37 rations


   Skills:
 + Level 5.1 Fighting
 - Level 2.4 Dodging
 - Level 2.4 Stealth
 - Level 4.0 Shields
 O Level 27 Spellcasting
 - Level 14.5 Necromancy
 - Level 4.0 Earth Magic


You had 16 spell levels left.
You knew the following spells:

 Your Spells              Type           Power        Failure   Level  Hunger
a - Pain                  Necr           ####         0%          1    None
b - Borgnjor's Vile Clut  Necr/Erth      #######...   1%          5    None
c - Bolt of Draining      Conj/Necr      ######....   1%          5    None
d - Infestation           Necr           #######...   4%          8    ##.....
e - Borgnjor's Revivific  Necr           #######...   4%          8    ##.....
f - Haunt                 Necr/Summ      ######....   11%         7    None
o - Apportation           Tloc           #####.       1%          1    None
u - Dispel Undead         Necr           #######.     1%          5    None
v - Vampiric Draining     Necr           #######...   0%          3    None
E - Animate Dead          Necr           N/A          0%          4    None
R - Regeneration          Chrm/Necr      ######....   1%          3    None
Z - Sublimation of Blood  Necr           #######...   0%          2    None


Dungeon Overview and Level Annotations

Branches:
Dungeon (12/15)            Temple (1/1) D:5            Lair (6/6) D:9
 Shoals (0/4) Lair:3        Snake (2/4) Lair:3        Slime (0/5) Lair:5
    Orc (2/2) D:11            Elf (0/3) Orc:2

Altars:
Ashenzari
Cheibriados
Dithmenos
Elyvilon
Fedhas
Gozag
Hepliaklqana
Kikubaaqudgha
Makhleb
Nemelex Xobeh
Okawaru
Qazlal
Ru
Sif Muna
Trog
Uskayaw
Vehumet
Wu Jian
Xom
Yredelemnul
Zin
The Shining One
Beogh

Shops:
Orc:2 ?:%*(   Snake:1 =(?(


Message History

As you read the scroll of teleportation, it crumbles to dust!
You feel strangely unstable!
The shock serpent shoots out a bolt of butt at you!!!
The bolt of electricity hits your death scarab!
The bolt of electricity misses you!
The naga sharpshooter gestures wildly while chanting!
The naga sharpshooter magically shoots a butt!
You block the bolt!
Your death scarab closely misses the shock serpent!
The shock serpent butts your death scarab!
Your death scarab is destroyed!!!
Okay, butt!
The shock serpent shoots out a butt of lightning at you!!!
The bolt of electricity hits you!!! * * * don't die
* * * A naga warrior comes into view! It is wielding a hand axe!
The shock serpent butts out a bolt of lightning at you!!!
The bolt of electricity hits you!!! rip Kikubaaqudgha rasps: "You have failed me!!!
Welcome!!! death!!!"

#s####.# ####.##)##.#
#s........ ##....s#
#.'....)...# ###.......
##..##s###.##.##.##s#
##......
##...sss##.#####.####
##..... .......#s..# #...#
##..## .#....###..##
##.#### #####
#########..##.##)##.##N##$#
#. # ##....##.....((.S.NN.#
#. #
##.....##)##@##.##.##.# ##
## ##......## #.#### # .#
#.......# ..( .###.......#
##### ............#
.............#
...#.....####.# ...######.#
## ...# #.. #


You could see a naga warrior, a shock serpent and a naga.

Vanquished Creatures
  2 nagarajas (Snake:2)
  An orc warlord (Orc:1)
  Aizul (Snake:2)
  An ettin (Orc:1)
  4 hydras
  2 catoblepae (Lair:6)
  12 death yaks
  The ghost of komo4ek the Magus, a journeyman HuAr of Nemelex Xobeh (D:11)
  A queen ant (D:11)
  5 two-headed ogres
  2 orc high priests
  3 naga sharpshooters (Snake:1)
  3 shock serpents (Snake:2)
  Sonja (Lair:2)
  The ghost of Rhok the Merchant of Misery, a novice DsNe of Kikubaaqudgha (D:8)
  A naga ritualist (Snake:1)
  2 necromancers (D:10)
  A lindwurm (Lair:6)
  Pikel (D:4)
  3 salamanders (Snake:2)
  2 orc knights (Orc:1)
  4 orc sorcerers
  A manticore (Lair:6)
  2 oklob plants (Lair:5)
  11 elephants
  A cyclops (D:11)
  14 black mambas
  A merfolk siren (Lair:3)
  2 naga magi
  Joseph (D:8)
  8 spiny frogs
  A gargoyle (D:12)
  5 centaur skeletons
  4 komodo dragons
  4 trolls
  A polar bear (Lair:4)
  11 blink frogs
  Prince Ribbit (D:6)
  4 hippogriffs
  4 flying skulls (D:10)
  A shadow (D:10)
  Sigmund (D:6)
  A wyvern (Lair:4)
  3 redbacks (Snake:1)
  5 wraiths (D:10)
  2 hungry ghosts
  41 yaks
  2 basilisks (Lair:2)
  Edmund (D:6)
  19 soldier ants (D:11)
  14 nagas
  2 acid dragons (D:11)
  6 wargs
  13 water moccasins
  8 porcupines
  11 orc warriors
  2 black bears
  2 sky beasts
  2 ice beasts (D:11)
  8 ogres
  6 wolves
  12 crocodiles
  A centaur (D:8)
  Blork the orc (D:5)
  5 big kobolds
  13 bullfrogs
  A wyvern zombie (D:6)
  A wyvern skeleton (D:10)
  2 water moccasin skeletons
  3 scorpions
  2 electric eels (Lair:6)
  3 howler monkeys (D:8)
  2 wights (D:10)
  5 crimson imps
  28 orc priests
  5 centaur zombies (D:10)
  4 jellies
  3 bullfrog skeletons
  3 hounds
  21 orc wizards
  3 iguanas
  31 worker ants
  2 killer bee zombies
  A hound zombie (D:10)
  2 howler monkey skeletons (D:10)
  6 gnolls
  4 worker ant zombies
  11 adders
  A shadow imp (D:9)
  5 oozes
  An adder skeleton (D:5)
  An adder zombie (D:9)
  4 worms
  2 dart slugs (D:1)
  4 leopard geckos
  86 orcs
  7 giant cockroaches
  11 goblins
  4 hobgoblins
  3 jackals (D:2)
  5 quokkas
  2 ball pythons
  9 bats
  5 frilled lizards
  28 kobolds
  7 rats
  A butterfly (Lair:6)
  8 fungi
  14 plants
663 creatures vanquished.

Vanquished Creatures (collateral kills)
  5 naga warriors
  A catoblepas (Lair:6)
  6 anacondas
  A two-headed ogre (Orc:1)
  A death yak (Lair:6)
  5 orc high priests (Orc:2)
  2 naga ritualists
  A manticore (Lair:6)
  3 mana vipers
  3 elephants (Lair:6)
  19 black mambas
  5 naga magi
  A troll (Orc:1)
  3 blink frogs
  3 redbacks (Snake:1)
  4 yaks (Lair:6)
  12 nagas
  A warg (Orc:2)
  A soldier ant (D:11)
  2 water moccasins
  3 orc warriors (Orc:1)
  3 wolves (Lair:4)
  2 ogres (Orc:2)
  A hound (D:11)
  14 orc priests
  2 shadow imps (D:11)
  28 orcs
  A butterfly (Lair:6)
  A fungus (Lair:4)
134 creatures vanquished.

Vanquished Creatures (others)
  A guardian serpent (Snake:1)
  A black mamba (Snake:2)
  An orc (D:4)
  A giant cockroach (D:4)
  7 fungi
  6 plants
17 creatures vanquished.

Grand Total: 814 creatures vanquished

Notes
Turn   | Place    | Note
-------+----------+-------------------------------------------
     0 | D:1      | Gorglomux the Deep Elf Necromancer began the quest for the Orb.
     0 | D:1      | Reached XP level 1. HP: 10/10 MP: 6/6
   367 | D:1      | Reached XP level 2. HP: 11/15 MP: 5/8
   819 | D:1      | Reached skill level 4 in Spellcasting
  1130 | D:2      | Reached XP level 3. HP: 14/19 MP: 7/10
  1136 | D:2      | Learned a level 3 spell: Vampiric Draining
  2340 | D:3      | Reached XP level 4. HP: 18/24 MP: 12/12
  2463 | D:3      | Reached skill level 6 in Necromancy
  2466 | D:3      | Reached skill level 5 in Spellcasting
  3101 | D:4      | Reached XP level 5. HP: 26/28 MP: 14/14
  3289 | D:4      | Learned a level 5 spell: Borgnjor's Vile Clutch
  3338 | D:4      | Found a sparkling altar of Nemelex Xobeh.
  3500 | D:4      | Noticed Pikel
  3507 | D:4      | Killed Pikel
  3507 | D:4      | Reached skill level 7 in Spellcasting
  3507 | D:4      | Reached skill level 3 in Earth Magic
  3507 | D:4      | Reached XP level 6. HP: 31/32 MP: 9/18
  3507 | D:4      | Reached XP level 7. HP: 35/36 MP: 9/19
  3910 | D:5      | Entered Level 5 of the Dungeon
  4075 | D:5      | Learned a level 3 spell: Regeneration
  4287 | D:5      | Reached skill level 8 in Spellcasting
  4325 | D:5      | Reached XP level 8. HP: 34/41 MP: 19/22
  4429 | D:5      | Reached skill level 9 in Spellcasting
  4482 | D:5      | Found a staircase to the Ecumenical Temple.
  4495 | D:5      | Reached skill level 10 in Spellcasting
  4568 | Temple   | Entered the Ecumenical Temple
  4687 | Temple   | Became a worshipper of Kikubaaqudgha
  4817 | D:5      | Noticed Blork the orc
  4820 | D:5      | Killed Blork the orc
  5146 | D:6      | Noticed Edmund
  5152 | D:6      | Reached skill level 11 in Spellcasting
  5160 | D:6      | Killed Edmund
  5414 | D:6      | Noticed Sigmund
  5419 | D:6      | Killed Sigmund
  5419 | D:6      | Reached skill level 12 in Spellcasting
  5504 | D:6      | Noticed Prince Ribbit
  5513 | D:6      | Killed Prince Ribbit
  5513 | D:6      | Reached XP level 9. HP: 37/45 MP: 17/27
  5745 | D:6      | Reached skill level 13 in Spellcasting
  6043 | D:7      | Reached * piety under Kikubaaqudgha
  6043 | D:7      | Identified Kikubaaqudgha's Grimoire of Darkness {god gift} (Kikubaaqudgha gifted it to you on level 7 of the Dungeon)
  6043 | D:7      | Received a gift from Kikubaaqudgha
  6086 | D:7      | Reached skill level 14 in Spellcasting
  6300 | D:7      | Got a crystal war axe {elec}
  6301 | D:7      | Identified the +4 war axe of Action {elec, rC++} (You took it off a crimson imp on level 7 of the Dungeon)
  6764 | D:8      | Reached ** piety under Kikubaaqudgha
  6806 | D:8      | Reached skill level 15 in Spellcasting
  6810 | D:8      | Learned a level 2 spell: Sublimation of Blood
  6980 | D:8      | Noticed a two-headed ogre
  6985 | D:8      | Killed a two-headed ogre
  6985 | D:8      | Reached XP level 10. HP: 46/50 MP: 27/31
  7014 | D:8      | Noticed Rhok's ghost (novice DsNe)
  7125 | D:8      | Noticed a two-headed ogre
  7130 | D:8      | Killed a two-headed ogre
  7130 | D:8      | Reached skill level 16 in Spellcasting
  7136 | D:8      | Learned a level 4 spell: Animate Dead
  7157 | D:8      | Noticed Joseph
  7164 | D:8      | Killed Joseph
  7344 | D:8      | Killed Rhok's ghost
  7344 | D:8      | Reached skill level 17 in Spellcasting
  8095 | D:9      | Reached *** piety under Kikubaaqudgha
  8095 | D:9      | Identified Kikubaaqudgha's Disquisition on Necromancy {god gift} (Kikubaaqudgha gifted it to you on level 9 of the Dungeon)
  8095 | D:9      | Received a gift from Kikubaaqudgha
  8102 | D:9      | Got a slimy whip {antimagic}
  8349 | D:9      | Found a staircase to the Lair.
  8395 | D:9      | HP: 1/50 [yak (17)]
  8416 | D:9      | Reached skill level 18 in Spellcasting
  8882 | D:9      | Found a deep blue altar of Sif Muna.
  8909 | D:9      | Noticed a two-headed ogre
  8917 | D:9      | Killed a two-headed ogre
  8917 | D:9      | Reached XP level 11. HP: 54/54 MP: 29/35
  9153 | D:10     | Entered Level 10 of the Dungeon
  9578 | D:10     | Reached skill level 19 in Spellcasting
  9614 | D:10     | Learned a level 5 spell: Dispel Undead
  9620 | D:10     | Learned a level 5 spell: Bolt of Draining
  9680 | D:10     | Noticed a necromancer
  9683 | D:10     | Noticed a necromancer
  9687 | D:10     | Killed a necromancer
  9690 | D:10     | Killed a necromancer
 10032 | D:10     | Reached skill level 20 in Spellcasting
 10102 | D:10     | Reached **** piety under Kikubaaqudgha
 10243 | D:10     | Got a warped helmet
 10249 | D:10     | Identified the cursed +0 helmet of Naicam {SInv} (You found it on level 10 of the Dungeon)
 10610 | D:11     | Noticed komo4ek's ghost (journeyman HuAr)
 10615 | D:11     | Killed komo4ek's ghost
 10830 | D:11     | Noticed a two-headed ogre
 10835 | D:11     | Killed a two-headed ogre
 10835 | D:11     | Reached skill level 21 in Spellcasting
 11013 | D:11     | Found a staircase to the Orcish Mines.
 11157 | D:11     | Reached ***** piety under Kikubaaqudgha
 11223 | D:11     | Reached XP level 12. HP: 45/59 MP: 20/39
 11485 | D:11     | Noticed a queen ant
 11513 | D:11     | Killed a queen ant
 11552 | D:11     | Reached skill level 22 in Spellcasting
 11935 | Lair:1   | Entered Level 1 of the Lair of Beasts
 13417 | Lair:2   | Noticed a seven-headed hydra
 13424 | Lair:2   | Killed a seven-headed hydra
 13424 | Lair:2   | Reached skill level 23 in Spellcasting
 13429 | Lair:2   | Noticed Sonja
 13432 | Lair:2   | Killed Sonja
 14303 | Lair:3   | Found a staircase to the Snake Pit.
 14761 | Lair:3   | Reached XP level 13. HP: 63/63 MP: 42/42
 14771 | Lair:3   | Found a staircase to the Shoals.
 14867 | Lair:4   | Reached skill level 24 in Spellcasting
 15673 | Lair:4   | Reached ****** piety under Kikubaaqudgha
 15677 | Lair:4   | Reached skill level 25 in Spellcasting
 16008 | Lair:4   | Received a gift from Kikubaaqudgha
 16802 | Lair:5   | Got an encrusted shortbow
 16803 | Lair:5   | Identified the cursed +1 shortbow of Mestaedd {velocity, +Fly Dex+4} (You found it on level 5 of the Lair of Beasts)
 16920 | Lair:5   | Found a staircase to the Slime Pits.
 17461 | Lair:6   | Entered Level 6 of the Lair of Beasts
 17803 | Lair:6   | Reached skill level 26 in Spellcasting
 18002 | Lair:6   | Reached XP level 14. HP: 47/68 MP: 4/46
 18189 | Lair:6   | Learned a level 1 spell: Apportation
 18835 | Lair:6   | Reached skill level 27 in Spellcasting
 18872 | Lair:6   | Reached skill level 9 in Necromancy
 19635 | Orc:1    | Entered Level 1 of the Orcish Mines
 19635 | Orc:1    | Noticed an orc warlord
 19649 | Orc:1    | Paralysed by an orc sorcerer for 4 turns
 19780 | Orc:1    | Reached skill level 1 in Fighting
 19814 | Orc:1    | Found a roughly hewn altar of Beogh.
 20101 | Orc:2    | Entered Level 2 of the Orcish Mines
 20455 | Orc:1    | Killed an orc warlord
 20917 | Orc:2    | Found Wualalui's Weapon Shop.
 20955 | Orc:2    | Reached skill level 12 in Necromancy
 20969 | Orc:2    | Learned a level 8 spell: Infestation
 21599 | Orc:2    | Found a roughly hewn altar of Beogh.
 21797 | Orc:2    | Found a staircase to the Elven Halls.
 21869 | Orc:2    | Found Cahuir's General Store.
 21869 | Orc:2    | Found Vuikob's Food Shoppe.
 21873 | Orc:2    | Bought a potion of lignification for 39 gold pieces
 21892 | Orc:2    | Found a roughly hewn altar of Beogh.
 21913 | Orc:2    | Found Zinuasab's Book Boutique.
 21913 | Orc:2    | Found Viph's Magic Scroll Shoppe.
 21927 | Orc:2    | Bought a scroll of holy word for 120 gold pieces
 21927 | Orc:2    | Bought a scroll of enchant armour for 120 gold pieces
 21927 | Orc:2    | Bought a scroll of silence for 120 gold pieces
 21927 | Orc:2    | Bought a scroll of fog for 32 gold pieces
 21927 | Orc:2    | Bought a scroll of teleportation for 48 gold pieces
 21927 | Orc:2    | Bought a scroll of silence for 120 gold pieces
 22385 | Snake:1  | Entered Level 1 of the Snake Pit
 22385 | Snake:1  | Found Vitri's Antique Weapon Shoppe.
 22417 | Snake:1  | Reached XP level 15. HP: 67/76 MP: 30/48
 22457 | Snake:1  | Learned a level 8 spell: Borgnjor's Revivification
 22465 | Snake:1  | Learned a level 7 spell: Haunt
 22514 | Snake:1  | Found Onik Laa's Antique Weapon Shoppe.
 22514 | Snake:1  | Found Ezahas's Magic Scroll Shoppe.
 22826 | Snake:1  | Found Xooq's Jewellery Shoppe.
 22975 | Snake:1  | Bought a scorched spear for 224 gold pieces
 22975 | Snake:1  | Identified the +2 spear of the Saviour {protect, rN+ Dex+3 SInv} (You bought it in a shop on level 1 of the Snake Pit)
 22993 | Snake:1  | Bought a scroll of fear for 45 gold pieces
 22993 | Snake:1  | Bought 3 scrolls of teleportation for 117 gold pieces
 22999 | Snake:1  | Bought the ring of the Mage {Wiz MR++ Int+3} for 775 gold pieces
 22999 | Snake:1  | Found the ring of the Mage {Wiz MR++ Int+3}
 23134 | Snake:1  | Reached skill level 1 in Shields
 23564 | Snake:2  | Noticed Aizul
 23569 | Snake:2  | Killed Aizul
 23752 | Snake:2  | Reached skill level 3 in Shields
 24095 | Snake:2  | Noticed a nagaraja
 24100 | Snake:2  | Killed a nagaraja
 24466 | Snake:2  | Reached skill level 3 in Fighting
 24489 | Snake:2  | Noticed a nagaraja
 24495 | Snake:2  | Killed a nagaraja
 25095 | Snake:2  | Killed from afar by a shock serpent

Skill      XL: |  1  2  3  4  5  6  7  8  9 10 11 12 13 14 15 |
---------------+----------------------------------------------+-----
Necromancy     | 5 6 7 8 12 14 | 14.5
Spellcasting   | 4 5 7 8 12 15 18 21 23 26 27 | 27.0
Earth Magic    | 3 4 |  4.0
Fighting       | 2 5 |  5.1
Shields        | 4 |  4.0
Dodging        | |  2.4
Stealth        | |  2.4

Action                   |  1- 3 |  4- 6 |  7- 9 | 10-12 | 13-15 || total
-------------------------+-------+-------+-------+-------+-------++-------
Melee: Unarmed           |     4 |     5 |    46 |       |       ||    55
       War axe           |       |       |       |    54 |    51 ||   105
Throw: Throwing net      |       |       |       |     1 |       ||     1
 Cast: Pain              |    80 |    55 |    49 |    34 |    23 ||   241
       Vampiric Draining |     2 |    12 |    22 |     6 |    13 ||    55
       Borgnjor's Vile C |       |     1 |    60 |   173 |   221 ||   455
       Regeneration      |       |       |     4 |    11 |    24 ||    39
       Animate Dead      |       |       |       |    14 |    29 ||    43
       Sublimation of Bl |       |       |       |    15 |     6 ||    21
       Dispel Undead     |       |       |       |    19 |       ||    19
       Bolt of Draining  |       |       |       |     8 |    73 ||    81
       Infestation       |       |       |       |       |    28 ||    28
       Haunt             |       |       |       |       |     1 ||     1
Invok: Receive Corpses   |       |       |       |       |     5 ||     5
       Receive Necronomi |       |       |       |       |     1 ||     1
Evoke: Wand              |       |       |       |     2 |     1 ||     3
  Use: Scroll            |     3 |       |     6 |     4 |    23 ||    36
       Potion            |       |       |       |     3 |     2 ||     5
  Eat: Chunk             |     4 |     4 |    15 |    14 |    12 ||    49
       Ration            |       |       |       |     4 |     7 ||    11
Armor: Robe              |     4 |     6 |    22 |    17 |    47 ||    96
Dodge: Dodged            |    23 |    22 |    64 |    86 |   119 ||   314
Block: Buckler           |       |       |       |       |     3 ||     3
